 Dungeon Crawl Stone Soup version 0.30-a0-782-ge64f9170bb (webtiles) character file.

Game seed: 5805723270890272980

43 HoaS the Shooter (level 3, 0/21 HPs)
             Began as a Gargoyle Hunter on Feb 25, 2023.
             Slain by an orc
             ... wielding a +0 whip
              (1 damage)
             ... on level 5 of the Dungeon.
             The game lasted 00:03:23 (1867 turns).

HoaS the Shooter (Gargoyle Hunter)                  Turns: 1867, Time: 00:03:23

Health: 0/21       AC:  7    Str: 14    XL:     3   Next: 58%
Magic:  3/3        EV: 11    Int:  9    God:
Gold:   147        SH:  0    Dex: 15    Spells: 2/2 levels left

rFire   . . .      SeeInvis .    a - +1 shortbow
rCold   . . .      Faith    .    (shield currently unavailable)
rNeg    + . .      Spirit   .    c - +1 leather armour
rPois   ∞          Reflect  .    (no helmet)
rElec   +          Harm     .    (no cloak)
rCorr   .          Rampage  .    (no gloves)
Will    .....                    (no boots)
Stlth   ++                       (no amulet)
HPRegen 0.23/turn                (no ring)
MPRegen 0.08/turn                (no ring)

@: no status effects
A: sickness immunity, AC +3, negative energy resistance 1, electricity
resistance, torment resistance 1, petrification resistance
a: no special abilities


You were on level 5 of the Dungeon.
You visited 1 branch of the dungeon, and saw 5 of its levels.

You collected 147 gold pieces.

Inventory:

Hand Weapons
 a - a +1 shortbow (weapon)
Armour
 c - a +1 leather armour (worn)
Wands
 g - a wand of digging (6)
Scrolls
 b - 4 scrolls of immolation
 k - a scroll of teleportation
Potions
 f - a potion of cancellation {unknown}
 h - 2 potions of berserk rage {unknown}
 i - a potion of curing {unknown}
 j - a potion of haste {unknown}
 l - a potion of attraction {unknown}
 m - a potion of invisibility {unknown}


   Skills:
 - Level 2.1 Fighting
 + Level 5.2 Ranged Weapons
 - Level 1.5 Dodging
 - Level 1.1 Stealth


You had 2 spell levels left.
You didn't know any spells.
Your spell library contained the following spells:

 Spells                   Type           Power      Damage    Failure   Level
 Dispel Undead            Necr           0%         3d6       99%         4
 Death Channel            Necr           0%         N/A       100%        6
 Cigotuvi's Dreadful Rot  Necr/Pois/Air  Unusable   N/A       N/A         2

Dungeon Overview and Level Annotations

Branches:
Dungeon (6/15)
 Temple: D:4-7

Altars:


Innate Abilities, Weirdness & Mutations

You are immune to sickness and miasma.
Your stone body is resilient. (AC +3)
You are immune to poison.
You resist negative energy. (rN+)
You are resistant to electric shocks. (rElec)
You are resistant to unholy torment.
You are immune to petrification.


Message History

The centaur wields a +0 shortbow.
The centaur shoots an arrow.
The arrow barely misses you.
You shoot an arrow. The arrow barely misses the centaur.
The centaur shoots an arrow.
The arrow completely misses you.
The orc priest mumbles some strange prayers to Beogh against you.
Beogh smites you!
Ouch! That really hurt!
The orc hits you but does no damage.
There is a stone staircase leading up here.
The centaur unwields a +0 shortbow.
The centaur barely misses you.
The centaur kicks you but does no damage.
You climb upwards.
There is a stone staircase leading down here.
You shoot an arrow. The arrow hits the centaur!
The centaur is moderately wounded.
The centaur hits you but does no damage.
The centaur kicks you but does no damage.
The orc hits you with a +0 whip. The centaur closely misses you.
The centaur kicks you but does no damage.
You shoot an arrow. The arrow barely misses the centaur.
The centaur barely misses you.
The centaur kicks you but does no damage.
The orc misses you.
The centaur hits you but does no damage.
The centaur kicks you but does no damage.
The orc hits you but does no damage.
You shoot an arrow. The arrow closely misses the centaur.
The centaur barely misses you. x2; The orc hits you but does no damage.
The centaur barely misses you.
The centaur kicks you but does no damage.
You shoot an arrow. The arrow barely misses the centaur.
The centaur hits you. The centaur closely misses you.
The orc hits you with a +0 whip.
* * * LOW HITPOINT WARNING * * *
The centaur hits you.
* * * LOW HITPOINT WARNING * * *
The centaur barely misses you.
You shoot an arrow. The arrow hits the centaur!
The centaur is almost dead.
The orc hits you with a +0 whip.
You die...

## .# .#
##.#####.#
.......@.#
####...oc#
#.#..## #
#..# ...#
###.# ..#
#.#


You could see a centaur and an orc.

Vanquished Creatures
  A gnoll (D:2)
  A worm (D:2)
  A bat (D:3)
  2 endoplasms (D:2)
  3 giant cockroaches
  2 goblins (D:1)
  3 hobgoblins
  2 kobolds (D:2)
  4 quokkas
  3 ball pythons
  3 frilled lizards
  4 rats
29 creatures vanquished.

Notes
Turn   | Place    | Note
-------+----------+-------------------------------------------
     0 | D:1      | HoaS the Gargoyle Hunter began the quest for the Orb.
     0 | D:1      | Reached XP level 1. HP: 12/12 MP: 1/1
   576 | D:1      | Reached XP level 2. HP: 17/17 MP: 2/2
  1176 | D:2      | Reached XP level 3. HP: 21/21 MP: 3/3
  1217 | D:2      | Reached skill level 5 in Ranged Weapons
  1279 | D:2      | Identified the +9 spear of the Vaults {protect, rPois rN+
                  | Will+ Int-3}
  1849 | D:3      | You fall into a shaft and drop 3 floors!
  1858 | D:6      | Noticed a centaur
  1862 | D:5      | Entered Level 5 of the Dungeon
  1866 | D:5      | HP: 1/21 [centaur (4)]
  1867 | D:5      | Slain by an orc

Illustrated notes

Levels and vault maps discovered:
D:1:      scummos_arrival_star, layout_loops_ring, st_stairs_6,
          minmay_misc_feat_cross
D:2:      layout_basic
D:3:      layout_rooms, hellmonk_ecumenical_altar_lost_god,
          kennysheep_generic_room_10
D:5:      layout_basic, okawaru_trees_1, mainiacjoe_overflow_chevrons,
          minmay_misc_feat_chi
D:6:      layout_cave_pools, biasface_ghost_orc_armoury, serial_gnoll_camp,
          gnoll_camp_medium_02, gnoll_camp_mini_shop, gnoll_camp_mini_hut,
          gnoll_camp_mini_doghouse, gnoll_camp_mini_doghouse,
          gnoll_camp_mini_hut, cheibrodos_sewer_entry_drain, serial_shops, shop,
          uniq_eustachio

Skill      XL: |  1  2  3 |
---------------+----------+-----
Ranged Weapons | 5 |  5.2
Fighting       | |  2.1
Dodging        | |  1.5
Stealth        | |  1.1

Action                     || total
---------------------------++-------
   Fire: Shortbow          ||    85
    Use: Scroll            ||     7
 Armour: Leather armour    ||    26
  Dodge: Dodged            ||    34

Table legend: (Time is in decaauts)
 A = Elapsed time spent in this place.
 B = Non-inter-level travel time spent in this place.
 C = Inter-level travel time spent in this place.
 D = Time resting spent in this place.
 E = Time spent auto-exploring this place.
 F = Levels seen in this place.
 G = Mean time per level.
                   A        B        C        D        E       F      G
               +--------+--------+--------+--------+--------+-----+--------+
         Total |   1896 |   1764 |    132 |    357 |   1171 |   5 |  379.2 |
       Dungeon |   1896 |   1764 |    132 |    357 |   1171 |   5 |  379.2 |
               +--------+--------+--------+--------+--------+-----+--------+

Top non-repeatable levels by time:
     D:2: 953 daAuts
     D:1: 861 daAuts
     D:3: 62 daAuts
     D:6: 13 daAuts
     D:5: 5 daAuts
